 Dungeon Crawl Stone Soup version 0.31-a0-978-g1e14348 (webtiles) character file.

Game seed: 9720633636048281310

9 Indeed the Chopper (level 2, -1/27 HPs)
             Began as a Minotaur Cinder Acolyte on Oct 29, 2023.
             Was a High Priest of Ignis.
             Slain by a hobgoblin (4 damage)
             ... on level 1 of the Dungeon.
             The game lasted 00:00:29 (198 turns).

Indeed the Chopper (Minotaur Cinder Acolyte)         Turns: 198, Time: 00:00:29

Health: -1/27      AC:  2    Str: 18    XL:     2   Next: 6%
Magic:  2/2        EV: 11    Int: 11    God:    Ignis [*****.]
Gold:   22         SH:  0    Dex:  5    Spells: 3/3 levels left

rFire   + . .        a - -1 hand axe (flame)
rCold   . . .        (no shield)
rNeg    . . .        b - +0 robe
rPois   .            (helmet restricted)
rElec   .            (no cloak)
rCorr   .            (no gloves)
SInv    .            (no boots)
Will    .....        (no amulet)
Stlth   +            (no ring)
HPRegen 0.24/turn    (no ring)
MPRegen 0.08/turn

%: no passive effects
@: no status effects
A: horns 2, retaliatory headbutt
a: Renounce Religion, Fiery Armour, Foxfire Swarm, Rising Flame


You were on level 1 of the Dungeon.
You worshipped Ignis.
Ignis was extremely pleased with you.
You visited 1 branch of the dungeon, and saw 1 of its levels.

You collected 22 gold pieces.

Inventory:

Hand Weapons
 a - a -1 hand axe of flaming (weapon)
Armour
 b - a +0 robe (worn)
Potions
 c - a potion of magic {unknown}


   Skills:
 + Level 3.9 Fighting
 * Level 4.1 Axes
 - Level 1.0 Spellcasting
 - Level 2.1 Fire Magic


You had 3 spell levels left.
You didn't know any spells.
Your spell library contained the following spells:

 Spells                   Type           Power      Damage    Failure   Level
 Scorch                   Fire           10%        2d5       21%         2
 Shock                    Conj/Air       0%         1d3       32%         1
 Swiftness                Air            0%         N/A       67%         3
 Airstrike                Air            0%         2d(0-16)  97%         4


Dungeon Overview and Level Annotations

Branches:
Dungeon (1/15)

Altars:


Innate Abilities, Weirdness & Mutations

You have a pair of horns on your head.
You reflexively headbutt those who attack you in melee.


Message History

A hobgoblin comes into view.
The hobgoblin hits you.
A hobgoblin comes into view.
A ball python comes into view.
You closely miss the hobgoblin.
The hobgoblin is moderately wounded.
The hobgoblin shouts! x2; You hear a shout!
The hobgoblin barely misses you.
A quokka comes into view.
You hit the hobgoblin. You burn the hobgoblin.
You kill the hobgoblin!
The kobold throws a stone.
The stone hits you.
You see here a quokka corpse.
You hit the ball python. You burn the ball python.
You kill the ball python!
You have reached level 2!
A hobgoblin comes into view.
The hobgoblin shouts!
The kobold hits you from afar with a +0 spear.
The quokka bites you but does no damage.
The hobgoblin moves out of view.
You see here a quokka corpse.
You hit the hobgoblin. You burn the hobgoblin.
You kill the hobgoblin!
You closely miss the quokka.
The kobold hits you from afar with a +0 spear.
The quokka bites you. The quokka bites you.
The kobold hits you with a +0 spear.
* * * LOW HITPOINT WARNING * * *
The quokka bites you.
* * * LOW HITPOINT WARNING * * *
You see here a hobgoblin corpse.
You hit the kobold. You burn the kobold.
You kill the kobold!
You closely miss the quokka. You hit the hobgoblin. You burn the hobgoblin.
The hobgoblin completely misses you.
A giant cockroach comes into view.
The quokka bites you.
* * * LOW HITPOINT WARNING * * *
The hobgoblin hits you.
You die...

#.8#......... .. ... ≈♣
♣~.......~ . .♣...#≈#
#♣♣.....♣♣ ..♣.♣..#≈#
###'#### ♣._.♣.#≈#
##8#'#8## ♣.♣...≈#
+.......' ...♣....≈#
####8####
.....Bgg≈#######≈#~♣~#≈#
#@≈≈≈≈≈≈≈≈≈#####≈≈
#r†......)........
#.#†..#.).....####
#.#...#.......#
#.#...#.....[.#
#.#...#.......#
#.#.#.#.......#
#.#.#.#.....###
#.#.#.#######


You could see a quokka, a giant cockroach and 2 hobgoblins.

Vanquished Creatures
  2 goblins (D:1)
  2 hobgoblins (D:1)
  2 quokkas (D:1)
  A ball python (D:1)
  A frilled lizard (D:1)
  A kobold (D:1)
9 creatures vanquished.

Notes
Turn   | Place    | Note
-------+----------+-------------------------------------------
     0 | D:1      | Indeed the Minotaur Cinder Acolyte began the quest for the
                  | Orb.
     0 | D:1      | Reached XP level 1. HP: 19/19 MP: 1/1
   185 | D:1      | Found a faded altar of an unknown god.
   189 | D:1      | Reached skill level 4 in Axes
   195 | D:1      | Reached XP level 2. HP: 22/27 MP: 2/2
   198 | D:1      | Slain by a hobgoblin

Illustrated notes

Levels and vault maps discovered:
D:1:      saegor_arrival_fortress, layout_basic,
          chequers_ecumenical_altar_simple_redux, minmay_shallow_snake_nest

Skill      XL: |  1 |
---------------+----+-----
Axes           | 4 |  4.1
Fighting       | |  3.9
Spellcasting   | |  1.0
Fire Magic     | |  2.1

Action                     || total
---------------------------++-------
  Melee: Hand axe          ||    17
 Armour: Robe              ||    18
  Dodge: Dodged            ||     6

Table legend: (Time is in decaauts)
 A = Elapsed time spent in this place.
 B = Non-inter-level travel time spent in this place.
 C = Inter-level travel time spent in this place.
 D = Time resting spent in this place.
 E = Time spent auto-exploring this place.
 F = Levels seen in this place.
 G = Mean time per level.
                   A        B        C        D        E       F      G
               +--------+--------+--------+--------+--------+-----+--------+
         Total |    199 |    199 |      0 |      0 |    161 |   1 |  199.0 |
       Dungeon |    199 |    199 |      0 |      0 |    161 |   1 |  199.0 |
               +--------+--------+--------+--------+--------+-----+--------+

Top non-repeatable levels by time:
     D:1: 199 daAuts
